AoeStats
← ibreks

Arena

509789648Analyzed
4v4 RM · 6d ago on Sep 28, 2026· 64m 34s· 8 players
Game mode
Random Map
Map size
Large (8 player)
Population
200
Speed
Normal
Resources
Standard
Victory
Conquest
Starting age
Dark Age
Ending age
Imperial Age
RankedLock teamsTeams togetherTeam positionsShared explorationLock speedFull tech treeHidden civsTurbo modeCheats
Victory
Defeat
🇧🇷 Portuguese · Brazil
835
+21
🇧🇷 Huns · Brazil
796
+15
🇧🇷 Teutons · Brazil
789
+14
🇧🇷 Teutons · Brazil
776
+16
🇺🇸 Danes · United States
766
-14
🇺🇸 Muisca · United States
716
-12
🇬🇧 Franks · United Kingdom
701
-12
🇺🇸 Mapuche · United States
684
-11
UxorialCone13
7:30 Loom
12:36 Feudal Age
13:08 Double-Bit Axe
13:10 Horse Collar
21:05 Castle Age
20:52 Scale Mail Armor
22:23 Bow Saw
22:16 Heavy Plow
27:26 Gold Mining
27:30 Stone Mining
34:13 Imperial Age
32:24 Wheelbarrow
32:46 Gold Shaft Mining
32:57 Chain Mail Armor
32:54 Forging
34:15 Hand Cart
33:46 Town Watch
35:42 Iron Casting
35:38 Plate Mail Armor
37:50 Blast Furnace
36:44 Fletching
37:02 Town Patrol
39:19 Stone Shaft Mining
38:11 Elite Jomsviking
39:12 Conscription
38:14 Hamask
39:12 Padded Archer Armor
39:24 Crossbowman
40:10 Thumb Ring
40:42 Heavy Mounted Crossbowman
40:44 Cranequins
41:53 Leather Archer Armor
41:34 Bodkin Arrow
43:26 Bracer
43:57 Ring Archer Armor
44:41 Chemistry
44:02 Ballistics
43:50 Siege Engineers
43:56 Masonry
49:15 Hoardings
ibreks
11:36 Feudal Age
13:03 Horse Collar
13:08 Double-Bit Axe
14:46 Loom
15:37 Wheelbarrow
19:34 Castle Age
17:44 Fletching
22:15 Heavy Plow
22:25 Bow Saw
22:06 Gold Mining
22:07 Stone Mining
25:07 Hand Cart
26:06 Town Watch
31:38 Imperial Age
32:33 Elite Guecha Warrior
33:42 Conscription
33:01 Capped Ram
35:46 Two-Man Saw
35:13 Ballistics
36:10 Bodkin Arrow
36:15 Padded Archer Armor
36:17 Scale Mail Armor
37:32 Bracer
37:48 Leather Archer Armor
38:48 Forging
38:53 Chain Mail Armor
40:04 Crop Rotation
39:24 Pikeman
40:05 Squires
41:46 Chemistry
40:42 Murder Holes
40:58 Masonry
40:28 Treadmill Crane
42:39 Elite Temple Guard
44:11 Iron Casting
44:06 Plate Mail Armor
45:39 Onager
49:09 Siege Onager
StrawbrryShakes
8:15 Loom
12:03 Feudal Age
13:49 Wheelbarrow
13:10 Double-Bit Axe
14:30 Gold Mining
18:24 Town Watch
19:08 Horse Collar
22:09 Castle Age
22:37 Stone Mining
27:27 Heavy Plow
29:19 Hand Cart
29:26 Bow Saw
29:54 Gold Shaft Mining
29:55 Stone Shaft Mining
31:04 Elite Skirmisher
31:44 Fletching
31:55 Padded Archer Armor
33:38 Pikeman
36:09 Bodkin Arrow
39:23 Imperial Age
39:10 Forging
39:01 Scale Mail Armor
40:28 Iron Casting
39:36 Halberdier
42:36 Crop Rotation
42:53 Conscription
42:56 Chain Mail Armor
47:09 Blast Furnace
46:40 Plate Mail Armor
57:36 Champi Runner
58:02 Arson
58:46 Bodkin Arrow
59:07 Leather Archer Armor
61:08 Ring Archer Armor
62:53 Town Patrol
63:30 Ballistics
64:11 Chemistry
62:53 Treadmill Crane
athmaniac
3:44 Loom
11:48 Feudal Age
14:00 Stone Mining
16:32 Gold Mining
20:08 Castle Age
19:55 Double-Bit Axe
23:21 Bow Saw
26:04 Treadmill Crane
27:18 Gold Mining
30:22 Scale Barding Armor
30:28 Forging
30:09 Fletching
31:45 Murder Holes
32:02 Fortified Wall
35:31 Imperial Age
33:39 Wheelbarrow
33:37 Chain Barding Armor
33:27 Bodkin Arrow
34:28 Gold Shaft Mining
34:21 Ordonnance Companies
35:51 Masonry
36:41 Conscription
36:38 Padded Archer Armor
39:00 Chemistry
38:32 Architecture
39:46 Husbandry
39:07 Cavalier
39:53 Chivalry
41:10 Siege Engineers
41:27 Ballistics
40:33 Pikeman
41:14 Squires
42:33 Iron Casting
42:14 Leather Archer Armor
42:34 Plate Barding Armor
42:30 Guard Tower
46:16 Arson
46:46 Halberdier
48:54 Scale Mail Armor
49:54 Blast Furnace
Sardinha
13:04 Feudal Age
15:40 Wheelbarrow
14:51 Horse Collar
14:58 Double-Bit Axe
16:30 Stone Mining
16:32 Gold Mining
19:24 Castle Age
21:01 Stone Shaft Mining
20:49 Heavy Plow
21:01 Bow Saw
21:08 Hand Cart
20:39 Loom
20:40 Town Watch
26:48 Fortified Wall
28:33 Ballistics
28:27 Fervor
34:50 Imperial Age
33:06 Scale Barding Armor
33:12 Forging
33:14 Caravan
34:06 Town Patrol
34:36 Chain Barding Armor
34:53 Iron Casting
35:22 Arrowslits
35:32 Cavalier
36:55 Plate Barding Armor
39:55 Chemistry
40:18 Blast Furnace
38:57 Paladin
41:25 Crop Rotation
58:50 Bombard Tower
58:37 Squires
57:57 Pikeman
supameN
12:36 Feudal Age
14:11 Double-Bit Axe
17:20 Castle Age
15:17 Horse Collar
17:37 Scale Barding Armor
26:11 Heavy Plow
26:52 Fletching
28:30 Stone Mining
30:11 Bow Saw
31:27 Wheelbarrow
31:10 Gold Mining
32:36 Chain Barding Armor
33:29 Hand Cart
33:27 Scale Mail Armor
34:57 Masonry
34:43 Murder Holes
34:47 Pikeman
35:27 Squires
35:36 Husbandry
36:17 Chain Mail Armor
35:33 Light Cavalry
36:27 Bloodlines
39:29 Imperial Age
38:28 Forging
39:12 Coinage
39:11 Marauders
39:40 Caravan
40:33 Loom
40:34 Town Watch
40:12 Cavalier
41:54 Gold Shaft Mining
42:18 Plate Barding Armor
42:19 Iron Casting
41:45 Padded Archer Armor
41:41 Bodkin Arrow
41:58 Town Patrol
44:01 Two-Man Saw
43:20 Elite Tarkan
44:31 Guilds
43:48 Paladin
45:34 Blast Furnace
44:40 Hussar
53:09 Leather Archer Armor
52:54 Bracer
53:57 Chemistry
53:17 Ballistics
53:21 Atheism
58:10 Banking
Mikro
12:03 Feudal Age
16:04 Castle Age
13:58 Double-Bit Axe
13:54 Horse Collar
17:42 Wheelbarrow
17:20 Bow Saw
17:36 Heavy Plow
18:18 Gold Mining
21:18 Stone Mining
23:08 Stone Shaft Mining
23:41 Hand Cart
25:09 Fervor
25:25 Caravan
26:05 Masonry
26:27 Fortified Wall
27:42 Arson
27:42 Gambesons
27:58 Squires
27:18 Pikeman
28:22 Sanctity
31:46 Imperial Age
29:01 Loom
29:01 Town Watch
30:21 Forging
30:11 Scale Mail Armor
30:01 Fletching
30:35 Ballistics
31:27 Iron Casting
33:07 Crop Rotation
33:38 Two-Man Saw
32:05 Elite Teutonic Knight
33:21 Hoardings
33:37 Town Patrol
34:34 Crenellations
34:35 Conscription
34:37 Ironclad
34:15 Onager
37:20 Chemistry
36:26 Siege Engineers
36:07 Arrowslits
37:42 Siege Onager
39:46 Blast Furnace
39:01 Chain Mail Armor
38:41 Bodkin Arrow
39:02 Guilds
40:23 Bombard Tower
41:29 Plate Mail Armor
41:03 Devotion
joaovlogs
13:01 Feudal Age
17:28 Castle Age
16:14 Double-Bit Axe
22:16 Wheelbarrow
22:04 Husbandry
22:48 Gold Mining
23:57 Stone Mining
25:28 Padded Archer Armor
26:18 Crossbowman
27:41 Leather Archer Armor
28:22 Hand Cart
27:45 Elite Skirmisher
28:13 Horse Collar
30:56 Fletching
31:23 Heavy Plow
31:51 Loom
31:51 Town Watch
32:23 Circumnavigation
33:49 Treadmill Crane
37:23 Imperial Age
35:39 Ballistics
35:36 Caravan
37:18 Stone Shaft Mining
36:45 Town Patrol
37:14 Heated Shot
38:42 Conscription
40:31 Chemistry
40:04 Bow Saw
40:29 Crop Rotation
40:14 Forging
42:07 Arquebus
42:34 Thumb Ring
42:59 Fortified Wall
43:07 Capped Ram
44:55 Iron Casting
44:15 Bodkin Arrow
44:51 Ring Archer Armor
44:21 Scale Mail Armor
44:27 Scale Barding Armor
46:11 Two-Man Saw
46:50 Masonry
49:51 Chain Mail Armor
49:20 Elite Organ Gun
52:50 Architecture
60:15 Blast Furnace
59:15 Bracer
59:46 Plate Mail Armor
59:36 Chain Barding Armor
58:53 Arbalester
60:44 Coinage
60:25 Guilds
Connection lost

Rejoining the realm…

Still unreachable

The connection could not be restored.

Session expired

The server has moved on; the page needs a fresh start.